 Dungeon Crawl Stone Soup version 0.32-a0-931-g5a2cda0630 (webtiles) character file.

Game seed: 12160042835499054768

530277 wally255 the Slayer (level 24, -17/360 HPs)
             Began as a Minotaur Fighter on Apr 14, 2024.
             Was a High Priest of Okawaru.
             Demolished by a red draconian
             ... wielding a +0 war axe
              (27 damage)
             ... on level 5 of the Realm of Zot.
             The game lasted 04:58:34 (73450 turns).

wally255 the Slayer (Minotaur Fighter)             Turns: 73450, Time: 04:58:35

Health: -17/360    AC: 28    Str: 32    XL:     24   Next: 40%
Magic:  5/31       EV:  2    Int:  9    God:    Okawaru [*****.]
Gold:   3347       SH: 38    Dex: 12    Spells: 23/23 levels left

rFire   . . .        Q - +16 consecrated labrys {holy, Valiant ^Fragile Fly SInv}
rCold   . . .        G - +9 tower shield "Zoemuank" {Rampage Str+2}
rNeg    . . .        F - melded +6 crystal plate armour {rC+}
rPois   +            (helmet currently unavailable)
rElec   .            X - melded scarf {rC+ rF+}
rCorr   .            S - melded +2 pair of gloves
SInv    +            t - melded +3 pair of seven-league boots {Rampage+∞}
Will    ++...        s - amulet of reflection
Stlth   +++          N - ring of Summertime {rPois Str+3 SInv}
HPRegen 0.80/turn    I - ring of willpower
MPRegen 0.22/turn

%: reflection, rampage
@: tree-form, heroic, corroded, constricted, studying Dodging
A: stationary, stasis, torment immunity, boosted hp, (horns 2), (retaliatory
headbutt), persistent drain
}: 3/15 runes: decaying, silver, gossamer
a: Renounce Religion, Heroism, Finesse, Duel


You were on level 5 of the Realm of Zot.
You worshipped Okawaru.
Okawaru was extremely pleased with you.
You were a tree.
You visited 11 branches of the dungeon, and saw 49 of its levels.
You also visited: Ossuary and Ice Cave.

You collected 6832 gold pieces.
You spent 3485 gold pieces at shops.

Inventory:

Hand Weapons
 q - a +6 heavy broad axe
 H - a +7 broad axe of flaming
 O - the +8 broad axe "Zibeadah" {venom, rElec rF+ Dex+2}
   (You took it off a deep elf demonologist on level 3 of the Elven Halls)

   Dex+2:     It affects your dexterity (+2).
   rF+:       It protects you from fire.
   rElec:     It insulates you from electricity.
 Q - the +16 consecrated labrys (weapon) {holy, Valiant ^Fragile Fly SInv}
   (You took it off an ironbound convoker on level 5 of the Vaults)

   Valiant:   It becomes more powerful as more dangerous foes come into view.
   SInv:      It lets you see invisible.
   Fly:       It grants you flight.
   ^Fragile:  It will be destroyed if unequipped.
Missiles
 b - 5 curare-tipped darts
 h - 3 javelins
 W - 4 silver javelins (quivered)
Armour
 t - the +3 pair of seven-league boots (melded) {Rampage+∞}
   (You found it on level 1 of the Swamp)

   Rampage+∞: When moving toward enemies, its wearer moves as far as possible,
   alerting their target en route.
 F - a +6 crystal plate armour of cold resistance (melded)
 G - the +9 tower shield "Zoemuank" (worn) {Rampage Str+2}
   (You acquired it on level 2 of the Elven Halls)

   Str+2:     It affects your strength (+2).
   Rampage:   It bestows one free step when moving towards enemies.
 S - a +2 pair of gloves (melded)
 X - a scarf of resistance (melded)
Jewellery
 s - an amulet of reflection (around neck)
 u - the ring "Anaicypt" {rElec rF+ Dex+6}
   (You took it off a deep elf high priest on level 3 of the Elven Halls)

   [ring of dexterity]

   Dex+6:     It affects your dexterity (+6).
   rF+:       It protects you from fire.
   rElec:     It insulates you from electricity.
 v - an amulet of regeneration
 I - a ring of willpower (right branch)
 M - a ring of protection from cold
 N - the ring of Summertime (left branch) {rPois Str+3 SInv}
   (You took it off a deep elf demonologist on level 3 of the Elven Halls)

   [ring of poison resistance]

   Str+3:     It affects your strength (+3).
   rPois:     It protects you from poison.
   SInv:      It lets you see invisible.
 P - the ring of Wishful Thinking {rElec rF+ Int+6 SInv}
   (You took it off an ironbound convoker on level 5 of the Vaults)

   [ring of intelligence]

   Int+6:     It affects your intelligence (+6).
   rF+:       It protects you from fire.
   rElec:     It insulates you from electricity.
   SInv:      It lets you see invisible.
 T - the ring "Moron" {Fire rElec Str+3 Int+2 Slay-3}
   (You took it off a deep elf demonologist on level 3 of the Elven Halls)

   [ring of fire]

   Fire:      It enhances your fire magic.
   Str+3:     It affects your strength (+3).
   Int+2:     It affects your intelligence (+2).
   Slay-3:    It affects your accuracy & damage with ranged weapons and melee
   (-3).
   rF+:       It protects you from fire.
   rC-:       It makes you vulnerable to cold.
   rElec:     It insulates you from electricity.
 U - the ring of Purple Dead-Nettles {rC- rN+ Will+ Int+5}
   (You took it off a deep elf elementalist on level 3 of the Elven Halls)

   [ring of willpower]

   Int+5:     It affects your intelligence (+5).
   rC-:       It makes you vulnerable to cold.
   rN+:       It protects you from negative energy.
   Will+:     It increases your willpower.
 V - a ring of flight
 Z - a ring of positive energy
Wands
 o - a wand of acid (18)
 J - a wand of digging (16)
 K - a wand of polymorph (4)
 R - a wand of roots (16)
Scrolls
 f - 9 scrolls of teleportation
 l - 6 scrolls of fog
 y - 5 scrolls of revelation
 D - a scroll of vulnerability
 E - 4 scrolls of poison
Potions
 d - 11 potions of might
 g - 3 potions of ambrosia
 k - 9 potions of enlightenment
 m - 4 potions of brilliance
 n - 5 potions of cancellation
 p - 4 potions of berserk rage
 A - 3 potions of curing
 B - a potion of resistance
 C - 2 potions of magic
 L - 5 potions of lignification
Miscellaneous
 a - a Gell's gravitambourine (2/2)
 j - a condenser vane (inert)
 x - a phantom mirror
 z - a lightning rod (3/4)


   Skills:
 + Level 24.7(27) Fighting
 + Level 24.0(27) Axes
 + Level 16.5(21.5) Throwing
 + Level 24.5(27) Armour
 + Level 10.2(15.2) Dodging
 + Level 24.4(27) Shields
 - Level 13.0 Invocations


You had 23 spell levels left.
You didn't know any spells.
Your spell library contained the following spells:

 Spells                   Type           Power      Damage    Failure   Level
 Apportation              Tloc           0%         N/A       38%         1
 Freeze                   Ice            0%         1d3       38%         1
 Kiss of Death            Conj/Necr      0%         2d5       38%         1
 Shock                    Conj/Air       0%         1d3       38%         1
 Slow                     Hex            0%         N/A       38%         1
 Blink                    Tloc           0%         N/A       52%         2
 Ensorcelled Hibernation  Hex/Ice        0%         N/A       52%         2
 Jinxbite                 Hex            0%         N/A       52%         2
 Lesser Beckoning         Tloc           0%         N/A       52%         2
 Mercury Vapours          Alch/Air       0%         N/A       52%         2
 Momentum Strike          Conj/Tloc      0%         3d8       52%         2
 Scorch                   Fire           0%         2d5       52%         2
 Static Discharge         Conj/Air       0%         3-3/arc   52%         2
 Sublimation of Blood     Necr           0%         N/A       52%         2
 Confusing Touch          Hex            0%         N/A       77%         3
 Dazzling Flash           Conj/Hex       0%         N/A       77%         3
 Frozen Ramparts          Ice            0%         1d1       77%         3
 Hailstorm                Conj/Ice       0%         3d5       77%         3
 Maxwell's Portable Pile  Tloc           0%         2d(5-13)  77%         3
 Mephitic Cloud           Conj/Alch/Air  0%         N/A       77%         3
 Ozocubu's Armour         Ice            0%         N/A       77%         3
 Passwall                 Erth           0%         N/A       77%         3
 Sigil of Binding         Hex            0%         N/A       77%         3
 Swiftness                Air            0%         N/A       77%         3
 Teleport Other           Tloc           0%         N/A       77%         3
 Vampiric Draining        Necr           0%         2d6       77%         3
 Volatile Blastmotes      Fire/Tloc      0%         2d10      77%         3
 Airstrike                Air            0%         2d(0-16)  99%         4
 Anguish                  Hex/Necr       0%         N/A       99%         4
 Brom's Barrelling Bould  Conj/Erth      0%         2d3       99%         4
 Cause Fear               Hex            0%         N/A       99%         4
 Dimensional Bullseye     Hex/Tloc       0%         N/A       99%         4
 Dispel Undead            Necr           0%         3d6       99%         4
 Flame Wave               Conj/Fire      0%         2d4       99%         4
 Iskenderun's Mystic Bla Conj/Tloc 0%             2d3        (+2d1     99%         4
 Passage of Golubria      Tloc           0%         N/A       99%         4
 Petrify                  Alch/Erth      0%         N/A       99%         4
 Vhi's Electric Charge    Tloc/Air       0%         N/A       99%         4
 Alistair's Intoxication  Alch           0%         N/A       100%        5
 Borgnjor's Vile Clutch   Necr/Erth      0%         N/A       100%        5
 Curse of Agony           Necr           0%         N/A       100%        5
 Fireball                 Conj/Fire      0%         3d3       100%        5
 Irradiate                Conj/Alch      0%         3d11      100%        5
 Iskenderun's Battlesphe  Conj           0%         2d6       100%        5
 Metabolic Englaciation   Hex/Ice        0%         N/A       100%        5
 Silence                  Hex/Air        0%         N/A       100%        5
 Yara's Violent Unravell  Hex/Alch       0%         3d3       100%        5
 Bombard                  Conj/Erth      0%         9d1       100%        6
 Conjure Ball Lightning   Conj/Air       0%         3x3d6     100%        6
 Dispersal                Tloc           0%         N/A       100%        6
 Gell's Gavotte           Tloc           0%         2d(11-16) 100%        6
 Enfeeble                 Hex            0%         N/A       100%        7
 Orb of Destruction       Conj           0%         9d5       100%        7
 Borgnjor's Revivificati  Necr           0%         N/A       100%        8
 Maxwell's Capacitive Co  Air            0%         ∞         100%        8
 Death's Door             Necr           0%         N/A       100%        9
 Call Imp                 Summ           Unusable   N/A       N/A         2
 Call Canine Familiar     Summ           Unusable   N/A       N/A         3
 Summon Ice Beast         Ice/Summ       Unusable   N/A       N/A         3
 Tukima's Dance           Hex            Unusable   N/A       N/A         3
 Animate Dead             Necr           Unusable   N/A       N/A         4
 Summon Lightning Spire   Summ/Air       Unusable   N/A       N/A         4
 Death Channel            Necr           Unusable   N/A       N/A         6
 Summon Cactus Giant      Summ           Unusable   N/A       N/A         6
 Haunt                    Necr/Summ      Unusable   N/A       N/A         7
 Malign Gateway           Summ/Tloc      Unusable   N/A       N/A         7
 Summon Hydra             Summ           Unusable   N/A       N/A         7
 Summon Horrible Things   Summ           Unusable   N/A       N/A         8
 Dragon's Call            Summ           Unusable   N/A       N/A         9

Dungeon Overview and Level Annotations

Branches:
Dungeon (15/15)            Temple (1/1) D:4            Lair (5/5) D:8
  Swamp (4/4) Lair:3       Spider (4/4) Lair:2        Slime (1/5) Lair:5
    Orc (2/2) D:10            Elf (3/3) Orc:2        Vaults (5/5) D:13
  Crypt (0/3) Vaults:2     Depths (4/4) D:15            Zot (5/5) Depths:4
Ossuary (visited)           IceCv (visited)

Altars:
Ashenzari
Cheibriados
Dithmenos
Elyvilon
Fedhas
Gozag
Hepliaklqana
Kikubaaqudgha
Makhleb
Nemelex Xobeh
Okawaru
Qazlal
Ru
Sif Muna
Trog
Uskayaw
Vehumet
Wu Jian
Xom
Yredelemnul
Zin
The Shining One
Jiyva

Shops:
D:9 :   D:11 (   D:14 [   Orc:1 :[   Orc:2 !(*([   Elf:1 [   Elf:2 ([*?*
Depths:1 :(?   Depths:2 *

Portals:
Hell: Depths:1 Depths:2 Depths:3
Abyss: Depths:1 Depths:2 Depths:3
Pandemonium: Depths:1 Depths:2 Depths:3
Ziggurat: Depths:3

Annotations:
D:13 1 runed translucent door
Vaults:4 2 transporters, Pixtaico's ghost, adept FeNe
Zot:2 6 runed translucent doors
Abyss:1 Crazy Yiuf; Maggie


Innate Abilities, Weirdness & Mutations

You are a tree.
Your roots penetrate the ground, keeping you stationary.
You cannot be teleported.
You are immune to unholy pain and torment.
Your maximum health is greatly increased.
Your equipment is partially melded.
((You have a pair of horns on your head.))
((You reflexively headbutt those who attack you in melee.))
Your health recovers twice as slowly from being drained.


Message History

You block the storm dragon's attack. x2
The moth of wrath is engulfed in noxious fumes.
The moth of wrath appears confused.
You block the red draconian's attack.
You hit the red draconian but do no damage.
The red draconian is almost dead.
You slash the storm dragon! You hit the tentacled monstrosity.
The tentacled monstrosity convulses!
You block the storm dragon's attack. x3
The red draconian hits you but does no damage.
You block the storm dragon's attack. The storm dragon claws you.
* * * LOW HITPOINT WARNING * * *
The storm dragon tramples you but does no damage.
The air fills with toxic fumes!
As you read the scroll of poison, it crumbles to dust.
You block the storm dragon's attack. x3
You block the tentacled monstrosity's attack.
The tentacled monstrosity tentacle-slaps you but does no damage.
The tentacled monstrosity barely misses you.
The tentacled monstrosity grabs you.
The tentacled monstrosity constricts you.
The red draconian hits you with a +0 war axe.
* * * LOW HITPOINT WARNING * * *
You feel better. You block the storm dragon's attack. x2
The storm dragon tramples you but does no damage.
You block the red draconian's attack.
You block the tentacled monstrosity's attack.
The tentacled monstrosity tentacle-slaps you but does no damage. x2
The tentacled monstrosity constricts you!
* * * LOW HITPOINT WARNING * * *
The moth of wrath is engulfed in poison gas.
The moth of wrath is poisoned.
The storm dragon bites you but does no damage.
The storm dragon claws you but does no damage.
The storm dragon tramples you!
* * * LOW HITPOINT WARNING * * *
The black draconian knight is poisoned.
The black draconian knight breathes lightning at you.
The bolt of lightning hits the storm dragon.
The storm dragon completely resists.
The bolt of lightning misses you.
The red draconian hits you with a +0 war axe!!
You die...

.............#
..§§.§§§§○§.§#
....q§§§§§§dq#
..§§.§y§§§§§#
..§§§§§§°○§#
#§○§§§§§##
#§§§☼§.○##...
#§DX§§§°§§....
#§♣d§§§§§§....
#§§§§§§§§§...⌠
.§§§§§§§§§§§....
###########§...#
....# #####


You could see a tentacled monstrosity, a black draconian knight (invisible,
poisoned), a storm dragon (berserk), a black draconian, a red draconian
(berserk), a red draconian scorcher and a moth of wrath (confused, poisoned).

Vanquished Creatures
  2 dread liches (Vaults:5)
  2 juggernauts
  3 Killer Klowns (Zot:2)
  Nikola (Elf:3)
  2 bone dragons
  Arachne (Spider:3)
  6 golden dragons
  10 tentacled monstrosities
  An electric golem (Zot:2)
  7 liches
  Asterion (Elf:1)
  4 quicksilver dragons
  3 deep elf blademasters
  A walking frostbound tome (Depths:2)
  2 deep elf master archers
  3 death cobs
  3 titans (Vaults:5)
  5 sphinxes
  An ancient champion (Vaults:2)
  6 tengu reavers
  7 shadow dragons
  The ghost of HHeCNeOSiFe the Tortoise, an adept VSBe of Trog (Spider:1)
  2 thorn hunters
  8 storm dragons
  3 protean progenitors (Zot:2)
  9 fire giants
  A draconian monk (Zot:2)
  A draconian shifter (Zot:2)
  3 deep elf sorcerers
  19 vault wardens
  A draconian knight (Zot:2)
  13 frost giants
  A fenstrider witch (Swamp:3)
  7 deep elf elementalists
  3 ghost moths
  5 emperor scorpions
  Louise (D:14)
  A draconian scorcher (Zot:2)
  2 orc warlords
  A draconian annihilator (Depths:4)
  19 stone giants
  2 formless jellyfish
  A juggernaut zombie (Depths:3)
  7 broodmothers
  14 very ugly things
  31 ironbound preservers
  The ghost of Vaxeq the Brawler, a journeyman DrSh of Gozag (D:15)
  A vampire knight (Depths:4)
  3 black draconians
  3 green draconians
  6 deep elf demonologists
  4 yellow draconians
  4 bunyips
  5 white draconians
  5 deep elf annihilators
  6 ironbound thunderhulks
  3 war gargoyles
  8 deep elf death magi
  A red draconian (Zot:2)
  6 eleionomae
  6 purple draconians
  10 spark wasps
  15 dire elephants
  A merfolk javelineer (Depths:3)
  15 ettins
  2 deep elf high priests
  2 crystal guardians (Vaults:4)
  Fannar (Lair:1)
  18 yaktaur captains
  6 fire dragons
  2 merfolk impalers (Depths:3)
  A ragged hierophant (Vaults:2)
  7 entropy weavers
  Josephine (Lair:3)
  2 rakshasas
  3 peacekeepers (Vaults:4)
  A shambling mangrove (Swamp:4)
  34 vault guards
  6 hydras
  2 jorogumos
  2 spriggan air magi
  6 great orbs of eyes
  5 ice dragons
  A catoblepas (Lair:5)
  8 alligators
  2 radroaches (Spider:2)
  14 centaur warriors
  11 boulder beetles
  18 two-headed ogres
  3 ghost crabs
  4 ogre magi
  A two-headed ogre (shapeshifter) (Vaults:3)
  12 ironbound frosthearts
  24 dancing weapons
  8 deep troll shamans
  5 tengu warriors
  4 death yaks
  7 deep troll earth magi
  2 occultists
  2 vampire magi
  6 demonic crawlers
  An orc high priest (Orc:1)
  3 spriggan berserkers
  A shock serpent (shapeshifter) (Vaults:5)
  14 hell knights
  Sonja (Lair:4)
  15 deep elf knights
  10 iron trolls
  Nergalle (Lair:1)
  A sixfirhy (Depths:3)
  11 goliath frogs
  10 skeletal warriors
  A golden dragon zombie (Depths:3)
  5 pharaoh ants
  A storm dragon skeleton (Depths:3)
  5 arcanists
  A death drake (Swamp:2)
  13 orb spiders
  A death drake (shapeshifter) (Vaults:5)
  A flayed ghost (Vaults:5)
  A spriggan druid (Swamp:2)
  73 deep trolls
  2 orb spiders (shapeshifter)
  2 swamp dragons
  7 deep elf archers
  8 bog bodies
  A spectral alligator (Swamp:4)
  3 steelbarb worms
  4 harpies (Vaults:2)
  A glowing orange brain (Depths:3)
  9 orc knights
  11 lindwurms
  24 deep elf pyromancers
  6 phantasmal warriors
  12 deep elf zephyrmancers
  30 ironbound convokers
  2 orc sorcerers
  6 necromancers
  7 thermic dynamos
  A sphinx simulacrum (Depths:3)
  An obsidian bat (Orc:2)
  2 spectral hydras (Swamp:4)
  2 manticores
  19 wolf spiders
  A salamander (D:15)
  2 alligator zombies (Swamp:4)
  A tengu skeleton (Vaults:2)
  32 ugly things
  A salamander (shapeshifter) (D:12)
  7 cyclopes
  10 moths of wrath
  An oklob plant (Lair:3)
  4 will-o-the-wisps
  12 meliai
  Maurice (D:8)
  7 elephants
  2 frost giant skeletons
  A faun (shapeshifter) (Vaults:5)
  A stone giant skeleton (Vaults:2)
  A kobold blastminer (Orc:2)
  3 molten gargoyles (Lair:5)
  5 black mambas
  9 torpor snails
  17 vault sentinels
  A water nymph (shapeshifter) (Vaults:5)
  A water nymph (D:15)
  11 cane toads
  A gargoyle (D:12)
  10 komodo dragons
  Jeremiah (D:6)
  3 elf skeletons (Vaults:2)
  4 swamp worm zombies (Swamp:4)
  A freezing wraith (Vaults:5)
  A kobold demonologist (D:12)
  27 yaktaurs
  2 rime drakes
  4 guardian mummies (Zot:2)
  Psyche (D:8)
  A hydra zombie (Swamp:4)
  2 tengu conjurers (Depths:1)
  5 trolls
  2 yaktaur skeletons (Vaults:2)
  5 hornets
  10 polar bears (IceCv)
  A queen bee (D:9)
  15 tyrant leeches
  35 tarantellas
  A polar bear (shapeshifter) (D:13)
  A blink frog (shapeshifter) (D:13)
  The ghost of EvilEddieB the Conjurer, an amateur HuCj of Hepliaklqana (D:5)
  18 jumping spiders
  8 blink frogs
  2 ettin zombies
  3 saltlings (Vaults:2)
  A glass eye (Depths:2)
  4 spectral swamp dragons (Swamp:4)
  5 dream sheep (Lair:5)
  35 slime creatures
  31 culicivoras
  6 water elementals
  A vampire (D:7)
  2 spriggans (Swamp:4)
  10 wyverns
  6 wraiths
  64 yaks
  4 wargs
  A fire bat (Zot:2)
  8 basilisks
  6 fire elementals
  5 tyrant leech zombies (Swamp:4)
  5 vampire mosquitoes
  40 redbacks
  4 steam dragons
  2 swamp worms (shapeshifter)
  2 acid dragons
  8 swamp worms
  11 water moccasins
  4 hell hounds (Lair:5)
  6 swamp drakes
  A glowing shapeshifter skeleton (Vaults:2)
  2 black bears
  18 orc warriors
  A sky beast (D:7)
  3 ice beasts
  4 laughing skulls
  6 swamp dragon zombies (Swamp:4)
  5 centaurs
  23 ogres
  29 wolves
  A boggart (Vaults:3)
  3 human skeletons
  3 phantoms (Swamp:4)
  A kobold brigand (D:7)
  An elf zombie (Ossuary)
  A gnoll sergeant (D:11)
  11 bullfrogs
  3 earth elementals
  A scorpion (D:6)
  A burial acolyte (Ossuary)
  9 wights
  33 killer bees
  5 electric eels (D:8)
  3 howler monkeys (D:11)
  3 bombardier beetles
  3 centaur zombies (Ossuary)
  4 human zombies
  4 hounds
  5 lava snakes (Lair:5)
  3 quasits (D:5)
  18 orc priests
  6 jellies
  2 sleepcaps
  A gnoll bouda (D:7)
  Jessica (D:2)
  4 iguanas
  16 orc wizards
  2 crocodile zombies (Ossuary)
  2 hound zombies (Ossuary)
  3 mummies (Ossuary)
  11 gnolls
  4 adders
  3 shadow imps
  6 white imps
  4 ufetubi (D:6)
  9 adder zombies (Ossuary)
  5 ribbon worms
  2 dart slugs
  87 orcs
  8 endoplasms
  2 giant cockroaches
  6 hobgoblins
  12 jackals
  4 quokkas
  10 ball pythons
  4 ball python zombies (Ossuary)
  6 bats
  5 frilled lizards
  2 gnoll zombies (Ossuary)
  6 goblins
  3 jackal zombies (Ossuary)
  17 kobolds
  3 kobold zombies (Ossuary)
  An orc zombie (Ossuary)
  9 rats
  4 butterflies (Zot:2)
  A spectral weapon (Elf:1)
1939 creatures vanquished.

Vanquished Creatures (others)
  A Killer Klown (Zot:2)
  A sphinx (Vaults:2)
  Nessos (Lair:3)
  A deep elf annihilator (Elf:3)
  A vault guard (Vaults:5)
  An ironbound frostheart (Vaults:2)
  An occultist (Depths:2)
  A deep elf pyromancer (Elf:2)
  A necromancer (Vaults:3)
  A lindwurm (Vaults:3)
  A steelbarb worm (Spider:4)
  6 bloated husks
  4 vampire mosquitoes (Swamp:4)
  A glowing shapeshifter zombie (Vaults:3)
  4 phantoms (Swamp:4)
  13 foxfires
39 creatures vanquished.

Grand Total: 1978 creatures vanquished

Notes
Turn   | Place    | Note
-------+----------+-------------------------------------------
     0 | D:1      | wally255 the Minotaur Fighter began the quest for the Orb.
     0 | D:1      | Reached XP level 1. HP: 19/19 MP: 0/0
    33 | D:1      | Reached XP level 2. HP: 26/27 MP: 1/1
   657 | D:1      | Reached XP level 3. HP: 33/33 MP: 2/2
  1038 | D:2      | Identified the +5 dagger "Death Rattle" {antimagic, Str+3
                  | Int+4}
  1164 | D:2      | Noticed Jessica
  1172 | D:2      | Killed Jessica
  1173 | D:2      | Reached XP level 4. HP: 40/40 MP: 3/3
  1706 | D:2      | Reached XP level 5. HP: 25/47 MP: 4/4
  1706 | D:2      | Found a radiant altar of Vehumet.
  1983 | D:2      | HP: 1/47 [gnoll/+0 halberd (5)]
  3001 | D:3      | Found an opulent altar of Gozag.
  3347 | D:3      | Found the Hermit's Pendant {Faith Invo=14 Evo=0 MP+5}
  3376 | D:3      | Reached skill level 5 in Axes
  3579 | D:4      | Reached XP level 6. HP: 53/55 MP: 5/5
  3797 | D:4      | Found a staircase to the Ecumenical Temple.
  3805 | Temple   | Entered the Ecumenical Temple
  3838 | Temple   | Became a worshipper of Warmaster Okawaru
  4044 | D:4      | Reached skill level 5 in Shields
  4047 | D:4      | Reached skill level 5 in Fighting
  4339 | D:5      | Entered Level 5 of the Dungeon
  4470 | D:5      | Reached skill level 5 in Armour
  4531 | D:5      | Noticed an ice beast
  4544 | D:5      | Killed an ice beast
  4569 | D:5      | Reached XP level 7. HP: 58/61 MP: 6/6
  4704 | D:5      | Noticed EvilEddieB's ghost (amateur HuCj)
  4711 | D:5      | Found a transporter.
  4799 | D:5      | Found a sand-covered staircase.
  4812 | Ossuary  | Entered an ossuary
  4840 | Ossuary  | Reached * piety under Okawaru
  4946 | Ossuary  | Reached skill level 1 in Invocations
  5056 | Ossuary  | Reached XP level 8. HP: 70/70 MP: 7/7
  5261 | D:5      | Found a runed translucent door.
  5262 | D:5      | Noticed Crazy Yiuf
  5266 | D:5      | Banished Crazy Yiuf
  5459 | D:5      | Found a transporter.
  5796 | D:6      | Reached ** piety under Okawaru
  5823 | D:6      | Noticed Jeremiah
  6274 | D:6      | Killed Jeremiah
  6275 | D:6      | Reached XP level 9. HP: 51/79 MP: 7/10
  6759 | D:7      | Found a shadowy altar of Dithmenos.
  7178 | D:7      | Found a hide-covered altar of Uskayaw.
  7605 | D:7      | Found a shimmering blue altar of Sif Muna.
  7675 | D:7      | Reached skill level 10 in Axes
  7985 | D:8      | Reached *** piety under Okawaru
  8217 | D:8      | Reached XP level 10. HP: 83/87 MP: 12/12
  8577 | D:8      | Found a staircase to the Lair.
  8775 | D:8      | Reached **** piety under Okawaru
  8826 | D:8      | Noticed Maurice
  8846 | D:8      | Something stole a +0 war axe
  8849 | D:8      | Something stole 316 gold
  8850 | D:8      | Something stole 26 gold
  8857 | D:8      | Killed Maurice
  8858 | D:8      | Reached skill level 5 in Invocations
  9374 | D:8      | Noticed Psyche
  9792 | D:8      | Killed Psyche
  9989 | D:8      | Noticed Maggie
 10005 | D:8      | Banished Maggie
 10006 | D:8      | Reached skill level 1 in Throwing
 10413 | D:9      | Found a stormy altar of Qazlal.
 10504 | D:9      | Found Korasef's Book Boutique.
 10583 | D:9      | Noticed a boulder beetle
 10617 | D:9      | Killed a boulder beetle
 10689 | D:9      | Reached XP level 11. HP: 79/97 MP: 6/13
 10910 | D:9      | Found a burning altar of Makhleb.
 11186 | D:10     | Entered Level 10 of the Dungeon
 11201 | D:10     | Reached ***** piety under Okawaru
 11225 | D:10     | Identified the +7 trident of Day {freeze, rF+}
 12299 | D:10     | Found a staircase to the Orcish Mines.
 12522 | D:11     | Reached skill level 10 in Fighting
 12814 | D:11     | Received a gift from Okawaru
 12826 | D:11     | Noticed a two-headed ogre
 12834 | D:11     | Killed a two-headed ogre
 12835 | D:11     | Reached skill level 10 in Armour
 12835 | D:11     | Reached skill level 10 in Shields
 13027 | D:11     | Identified the +9 dagger of Ad Valorem {freeze, Dex+3}
 13064 | D:11     | Found a sparkling altar of Nemelex Xobeh.
 13186 | D:11     | Found Tueme's Weapon Boutique.
 13798 | D:12     | Noticed a two-headed ogre
 13806 | D:12     | Killed a two-headed ogre
 13891 | D:12     | Noticed a five-headed hydra
 13907 | D:12     | Banished a six-headed hydra
 13908 | D:12     | Reached XP level 12. HP: 108/108 MP: 14/14
 14013 | D:12     | Reached skill level 5 in Throwing
 14438 | Lair:1   | Entered Level 1 of the Lair of Beasts
 14748 | Lair:1   | Noticed Fannar
 14763 | Lair:1   | Killed Fannar
 14817 | Lair:1   | Noticed Nergalle
 14827 | Lair:1   | Killed Nergalle
 14887 | Lair:1   | Reached skill level 15 in Axes
 14919 | Lair:1   | Received a gift from Okawaru
 15105 | Lair:1   | Identified the +0 scale mail of the Original Sin {rPois
                  | rCorr Dex-2 SInv}
 15275 | Lair:2   | Noticed an eight-headed hydra
 15295 | Lair:2   | Banished an 18-headed hydra
 15402 | Lair:2   | Found a hole to the Spider Nest.
 15490 | Lair:2   | Noticed a boulder beetle
 15515 | Lair:2   | Killed a boulder beetle
 15805 | Lair:2   | Got Jioroom's Verses on the Departed and Exhalation
 15901 | Lair:2   | Reached XP level 13. HP: 117/117 MP: 16/16
 16680 | Lair:3   | Received a gift from Okawaru
 16846 | Lair:3   | Noticed Josephine
 16857 | Lair:3   | Killed Josephine
 16945 | Lair:3   | Found a frozen archway.
 16964 | IceCv    | Entered an ice cave
 17409 | IceCv    | Noticed a frost giant
 17430 | IceCv    | Killed a frost giant
 17430 | IceCv    | Received a gift from Okawaru
 17467 | IceCv    | Got the Parchment of the Icicle
 17993 | Lair:3   | Noticed Nessos
 18009 | Lair:3   | Killed Nessos
 18278 | Lair:3   | Received a gift from Okawaru
 18594 | Lair:3   | Found a staircase to the Swamp.
 18892 | Lair:4   | Reached XP level 14. HP: 118/127 MP: 18/18
 19184 | Lair:4   | Noticed Sonja
 19204 | Lair:4   | Killed Sonja
 19778 | Lair:5   | Entered Level 5 of the Lair of Beasts
 20017 | Lair:5   | Found a viscous altar of Jiyva.
 20019 | Lair:5   | Found a staircase to the Slime Pits.
 20630 | Lair:5   | Found a large runed translucent door.
 20757 | Lair:5   | Found a large runed translucent door.
 22146 | Orc:1    | Entered Level 1 of the Orcish Mines
 22612 | Orc:1    | You fall into a shaft and drop 1 floor!
 22612 | Orc:2    | Entered Level 2 of the Orcish Mines
 23069 | Orc:1    | Found Neopnal's Self-Improvement Boutique.
 23247 | Orc:2    | Reached XP level 15. HP: 117/138 MP: 20/20
 23268 | Orc:1    | Paralysed by an ogre mage for 3 turns
 24175 | Orc:2    | Found Yrayquid's Distillery.
 24187 | Orc:2    | Found a staircase to the Elven Halls.
 24394 | Orc:2    | Bought 2 potions of might for 120 gold pieces
 24394 | Orc:2    | Bought a potion of heal wounds for 75 gold pieces
 24487 | Orc:2    | Found Qaneng's Assorted Antiques.
 24487 | Orc:2    | Found Ycyfeezy's Antique Weapon Shop.
 24489 | Orc:2    | Found Puvaulid's Armour Boutique.
 24489 | Orc:2    | Found Rokeazih's Weapon Shoppe.
 24496 | Orc:2    | Bought a broad axe for 144 gold pieces
 24496 | Orc:2    | Bought a scroll of enchant armour for 270 gold pieces
 24496 | Orc:2    | Bought a scroll of revelation for 270 gold pieces
 25014 | Orc:1    | Found Saidghety's Armour Boutique.
 25366 | Spider:1 | Entered Level 1 of the Spider Nest
 25988 | Spider:1 | Received a gift from Okawaru
 26757 | Spider:1 | Reached skill level 15 in Fighting
 27179 | Spider:1 | Found a runed translucent door.
 27185 | Spider:1 | Noticed HHeCNeOSiFe's ghost (adept VSBe)
 27215 | Spider:1 | Killed HHeCNeOSiFe's ghost
 27601 | Spider:2 | Reached skill level 10 in Invocations
 28202 | Spider:2 | Reached skill level 15 in Armour
 28617 | Spider:2 | Received a gift from Okawaru
 28778 | Spider:2 | Reached skill level 15 in Shields
 28916 | Spider:2 | Gained mutation: Your health recovers twice as slowly from
                  | being drained. [mutagenic glow]
 29151 | Spider:2 | Identified the +5 scale mail of Bitterness {Dex+3}
 29271 | Spider:3 | Reached XP level 16. HP: 124/144 MP: 22/22
 29984 | Spider:3 | Noticed Arachne
 30480 | Arena    | Entered the Arena
 31055 | Spider:3 | Killed Arachne
 32143 | Spider:4 | Entered Level 4 of the Spider Nest
 32259 | Spider:4 | Received a gift from Okawaru
 32770 | Spider:4 | Reached skill level 10 in Throwing
 33369 | Spider:4 | Identified the scarf of Experimentation {rC+ rF+, Str-4
                  | Int+6 Stlth+}
 33371 | Spider:4 | Got a gossamer rune of Zot
 33740 | Spider:4 | Reached XP level 17. HP: 160/160 MP: 24/24
 34312 | D:13     | Noticed a profane servitor
 34313 | D:13     | Noticed a profane servitor
 34324 | D:13     | Found a runed translucent door.
 34324 | D:13     | Found the +1 eveningstar "Brilliance" {foul flame, Umbra}
 34328 | D:13     | Noticed a profane servitor
 35217 | D:13     | Found a gate to the Vaults.
 35464 | D:13     | Noticed a profane servitor
 35593 | D:14     | Found Xuifirch's Antique Armour Shoppe.
 35663 | D:14     | Received a gift from Okawaru
 36168 | D:14     | Found an iron altar of Okawaru.
 36461 | D:14     | Noticed Louise
 36481 | D:14     | Killed Louise
 36770 | D:15     | Entered Level 15 of the Dungeon
 36774 | D:15     | Found a runed translucent door.
 36775 | D:15     | Noticed Vaxeq's ghost (journeyman DrSh)
 36787 | D:15     | Killed Vaxeq's ghost
 36796 | D:15     | Identified the staff "Gytin" {rPois rC+ Earth}
 37142 | D:15     | Found a staircase to the Depths.
 37284 | D:15     | Found a gate leading to a gauntlet.
 38051 | Swamp:1  | Entered Level 1 of the Swamp
 38374 | Swamp:2  | Received a gift from Okawaru
 39115 | Swamp:3  | Received a gift from Okawaru
 39254 | Swamp:4  | Entered Level 4 of the Swamp
 39783 | Swamp:4  | Reached XP level 18. HP: 151/167 MP: 26/26
 39834 | Swamp:4  | Received a gift from Okawaru
 40311 | Swamp:4  | Noticed a bone dragon
 40370 | Swamp:4  | Killed a bone dragon
 40818 | Swamp:4  | Got a decaying rune of Zot
 42650 | D:5      | Killed EvilEddieB's ghost
 42872 | Vaults:1 | Entered Level 1 of the Vaults
 43154 | Arena    | Entered the Arena
 43977 | Vaults:1 | Received a gift from Okawaru
 45505 | Vaults:2 | Received a gift from Okawaru
 45506 | Vaults:2 | Reached XP level 19. HP: 63/183 MP: 27/27
 46812 | Vaults:2 | Received a gift from Okawaru
 46823 | Arena    | Entered the Arena
 46929 | Vaults:2 | Identified the +5 dagger of Indomitability {drain, Str+5}
 48103 | Vaults:2 | Found a staircase to the Crypt.
 48405 | Vaults:3 | Received a gift from Okawaru
 49899 | Vaults:3 | Reached XP level 20. HP: 65/194 MP: 26/28
 50057 | Vaults:3 | Received a gift from Okawaru
 50065 | Arena    | Entered the Arena
 51328 | Vaults:4 | Found a transporter.
 51328 | Vaults:4 | Identified the +7 giant club "Jucvum" {flame, rC+ rCorr
                  | Dex+3}
 51328 | Vaults:4 | Noticed Pixtaico's ghost (adept FeNe)
 51329 | Vaults:4 | Found a transporter.
 51486 | Vaults:4 | Received a gift from Okawaru
 52964 | Depths:1 | Entered Level 1 of the Depths
 53007 | Depths:1 | Found Nunarer's Magic Scroll Shop.
 53007 | Depths:1 | Found Moaxoif's Weapon Boutique.
 53020 | Depths:1 | Found Wuuwoh's Book Shop.
 53031 | Depths:1 | Bought a book of Weapons for 560 gold pieces
 53035 | Depths:1 | Bought a scroll of enchant weapon for 135 gold pieces
 53101 | Depths:1 | Found a one-way gate to the infinite horrors of the Abyss.
 53151 | Depths:1 | Received a gift from Okawaru
 53938 | Depths:1 | Reached XP level 21. HP: 51/206 MP: 23/29
 54681 | Depths:1 | Found a gateway to Hell.
 54914 | Depths:1 | Found a one-way gate leading to the halls of Pandemonium.
 55911 | Swamp:1  | Found the +3 pair of seven-league boots {Rampage+∞}
 56013 | Swamp:1  | Identified the +5 chain mail of Roratiet {rPois Int+2}
 57505 | Slime:1  | Entered Level 1 of the Pits of Slime
 57864 | Elf:1    | Entered Level 1 of the Elven Halls
 57948 | Elf:2    | Found Washos's Assorted Antiques.
 58039 | Elf:2    | Bought a potion of might for 128 gold pieces
 58039 | Elf:2    | Bought a scroll of identify for 64 gold pieces
 58046 | Elf:3    | Entered Level 3 of the Elven Halls
 58082 | Elf:2    | Found Picoiqac's Weapon Shoppe.
 58088 | Elf:2    | Found Yzamac's General Store.
 58088 | Elf:2    | Found Nukh's Magic Scroll Shoppe.
 58102 | Elf:2    | Found Ceol's Antique Armour Shoppe.
 58128 | Elf:2    | Bought a scroll of fear for 64 gold pieces
 58128 | Elf:2    | Bought a scroll of acquirement for 832 gold pieces
 58128 | Elf:2    | Bought a scroll of revelation for 120 gold pieces
 58128 | Elf:2    | Acquired the +9 tower shield "Zoemuank" {Rampage Str+2}
 58147 | Elf:2    | Bought a +4 broad axe of flaming for 496 gold pieces
 58368 | Elf:2    | Found a huge runed translucent gate.
 58368 | Elf:2    | Found a huge runed translucent gate.
 58368 | Elf:2    | Found a huge runed translucent gate.
 58374 | Elf:2    | Found a huge runed translucent gate.
 58374 | Elf:2    | Found a huge runed translucent gate.
 58631 | Elf:2    | Received a gift from Okawaru
 58689 | Elf:2    | Acquired a manual of Throwing
 59476 | Elf:3    | Noticed Nikola
 59486 | Elf:3    | Killed Nikola
 60351 | Elf:3    | Identified the +8 broad axe "Zibeadah" {venom, rElec rF+
                  | Dex+2}
 60351 | Elf:3    | Identified the ring of Summertime {rPois Str+3 SInv}
 60363 | Elf:3    | Identified the +6 scale mail of the Weaver {Fly Dex+3}
 60363 | Elf:3    | Identified the +6 dagger "Polorr" {drain, rN+++ Will+
                  | Str-3}
 60363 | Elf:3    | Identified the +0 ring mail "Rudgherr" {Rampage rF+ Dex+4}
 60363 | Elf:3    | Identified the ring "Anaicypt" {rElec rF+ Dex+6}
 60663 | Elf:3    | Identified the ring of Purple Dead-Nettles {rC- rN+ Will+
                  | Int+5}
 60667 | Elf:3    | Identified the ring "Ycrieth" {rF- Str+6 Int-5 Slay+5
                  | Stlth+}
 60672 | Elf:3    | Identified the ring "Geddei Noet" {Wiz rCorr}
 60682 | Arena    | Entered the Arena
 61334 | Elf:3    | Identified the ring "Moron" {Fire rElec Str+3 Int+2 Slay-3}
 61488 | Elf:3    | Identified the +8 orcbow of Fechaff {flame, Int+5 Dex+4}
 61495 | Elf:3    | Identified the +7 orcbow "Inusysch" {elec, rF+ Will+ Dex+3
                  | Stlth+}
 61645 | Elf:3    | Identified the +1 scale mail of Imperfection {Dex+4}
 61902 | Elf:2    | Found a radiant altar of Vehumet.
 62003 | Elf:1    | Found Diogik's Antique Armour Emporium.
 62052 | Elf:1    | Reached XP level 22. HP: 183/211 MP: 26/30
 62170 | Elf:1    | Noticed Asterion
 62178 | Elf:1    | Killed Asterion
 62880 | Vaults:5 | Entered Level 5 of the Vaults
 63283 | Vaults:5 | Noticed a golden dragon
 63376 | Vaults:5 | Noticed a dread lich
 63388 | Vaults:5 | Noticed a dread lich
 63590 | Vaults:5 | Killed a golden dragon
 64084 | Vaults:5 | Identified the +0 falchion of Xom's Benevolence {drain,
                  | rPois Str+5}
 64220 | Vaults:5 | Got a silver rune of Zot
 64248 | Vaults:5 | Identified the ring of Wishful Thinking {rElec rF+ Int+6
                  | SInv}
 64473 | Vaults:5 | Killed a dread lich
 64500 | Vaults:5 | Paralysed by a dread lich for 3 turns
 64515 | Vaults:5 | Killed a dread lich
 64946 | Vaults:5 | Noticed a golden dragon
 64960 | Vaults:5 | Killed a golden dragon
 64963 | Vaults:5 | Reached XP level 23. HP: 184/212 MP: 31/31
 65365 | Vaults:5 | Identified the scarf of the Bulwark {harm, +Blink Str+3
                  | Dex+2}
 65374 | Vaults:5 | Got the Encyclopedia of Intense Turbulence
 65385 | Vaults:5 | Identified the +0 flail "Kairi" {pain, rPois Str+3 Dex+4}
 65743 | Vaults:5 | Identified the +0 scale mail "Muciorou" {Harm}
 66215 | Depths:2 | Reached skill level 1 in Dodging
 66324 | Depths:2 | Found an opulent altar of Gozag.
 66328 | Depths:2 | Found an opulent altar of Gozag.
 66328 | Depths:2 | Found an opulent altar of Gozag.
 66337 | Depths:2 | Found an opulent altar of Gozag.
 66441 | Depths:2 | Identified the +8 orcbow "Ipneos" {heavy, ^Fragile rC+
                  | Will+}
 66533 | Depths:2 | Found Vuxeaz's Assorted Antiques.
 66542 | Depths:2 | Bought a potion of cancellation for 184 gold pieces
 66542 | Depths:2 | Bought a scroll labelled YXUESK CIBUE for 23 gold pieces
 67385 | Depths:2 | Received a gift from Okawaru
 67473 | Depths:2 | Found a runed translucent door.
 67473 | Depths:2 | Noticed a juggernaut
 67474 | Depths:2 | Found a runed translucent door.
 67491 | Depths:2 | Killed a juggernaut
 67898 | Depths:3 | Reached skill level 5 in Dodging
 68255 | Depths:3 | Reached skill level 15 in Throwing
 68458 | Depths:3 | Found a glowing golden altar of the Shining One.
 68489 | Depths:3 | Noticed a juggernaut
 68529 | Depths:3 | Received a gift from Okawaru
 68531 | Depths:3 | Found a one-way gateway to a ziggurat.
 69206 | Depths:4 | Entered Level 4 of the Depths
 70175 | Depths:4 | Found a gate to the Realm of Zot.
 70246 | Depths:4 | Noticed a juggernaut
 70269 | Depths:4 | Killed a juggernaut
 70269 | Depths:4 | Received a gift from Okawaru
 70518 | Zot:1    | Entered Level 1 of the Realm of Zot
 71056 | Zot:2    | Noticed a Killer Klown
 71065 | Zot:2    | Killed a Killer Klown
 71066 | Zot:2    | Reached XP level 24. HP: 197/227 MP: 25/31
 71074 | Zot:2    | Identified the +4 hand cannon "Pilariddi" {chaos, rN++}
 71074 | Zot:2    | Identified the +0 robe "Ciptegoi" {Fly rN+ MP+9 Dex-5}
 71084 | Zot:2    | Found a large runed translucent door.
 71084 | Zot:2    | Found a large runed translucent door.
 71437 | Zot:2    | Identified the +6 glaive of the Doomed Warrior {chaos,
                  | rElec rCorr Stlth+}
 71437 | Zot:2    | Identified the +1 ring mail of Inviolability {Int+6 Slay-5}
 71437 | Zot:2    | Identified the +2 glaive "Sim Solo" {chaos, Int+7}
 71437 | Zot:2    | Identified the +1 ring mail of the Miller {*Slow rC+++
                  | Will+ Str-2}
 71437 | Zot:2    | Noticed a Killer Klown
 71462 | Zot:2    | Killed a Killer Klown
 71506 | Zot:2    | Found a large runed translucent door.
 71507 | Zot:2    | Found a shimmering altar of Xom.
 71508 | Zot:2    | Found a large runed translucent door.
 71508 | Zot:2    | Found a large runed translucent door.
 71508 | Zot:2    | Found a large runed translucent door.
 71509 | Zot:2    | Found a large runed translucent door.
 71509 | Zot:2    | Found a large runed translucent door.
 71518 | Zot:2    | Identified the +6 battleaxe "Zienuc" {chaos, Str+3}
 71518 | Zot:2    | Identified the +6 chain mail of Discretion {rN+ Will+ Int+3
                  | Dex+3}
 71522 | Zot:2    | Noticed a Killer Klown
 71522 | Zot:2    | Noticed a Killer Klown
 71741 | Zot:2    | Identified the +6 chain mail "Barriteo" {*Corrode Fly Dex+7
                  | Slay-6}
 72121 | Zot:2    | Killed a Killer Klown
 72412 | Zot:2    | Killed a Killer Klown
 72566 | Zot:3    | Received a gift from Okawaru
 72599 | Zot:3    | Reached skill level 10 in Dodging
 73404 | Zot:5    | Entered Level 5 of the Realm of Zot
 73444 | Zot:5    | HP: 9/240 [constriction (7)]
 73449 | Zot:5    | HP: 17/360 [red draconian/+0 war axe (2)]
 73450 | Zot:5    | Demolished by a red draconian

Illustrated notes

Levels and vault maps discovered:
D:1:      ldierk_walled_garden, layout_loops_corners
D:2:      layout_basic, basic_altar, uniq_jessica
D:3:      layout_basic, lemuel_doored_altar, serial_curves, eino_curves_01,
          eino_curves_02, eino_curves_02
D:4:      layout_basic, minmay_temple_entry_hall
D:5:      layout_loops_ring, mainiacjoe_ossuary_entry_dusty_tomb,
          gammafunk_ghost_stat_death, uniq_crazy_yiuf_cottage
D:6:      layout_rooms, grunt_ministairs_7, uniq_jeremiah
D:7:      layout_cave_pools, mainiacjoe_overflow_tiny_flanked,
          marbit_many_paths, nicolae_uskayaw_dance_studio, dk_noncrumbling_4,
          minmay_statues_item, kennysheep_generic_room_5
D:8:      layout_layer_cave, erik_lair_island, kennysheep_boxes, uniq_maggie,
          uniq_maurice, uniq_psyche
D:9:      layout_roguey [special_room_bee], kennysheep_mini_moat,
          lightli_temple_of_fire, serial_shops, nicolae_book_shop_shelving
D:10:     layout_roguey, hiddenorc1_lemuel
D:11:     layout_gridville, serial_shops, shop, nemelex_spade_bored_becter
D:12:     layout_loops_ring
D:13:     layout_irregular_city, david_vaults_2,
          minmay_guarded_unrand_brilliance
D:14:     layout_irregular_city, okawaru_gym_becter, serial_shops, shop,
          uniq_louise
D:15:     hangedman_depths_entry_try_elsewhere_first, layout_basic,
          ebering_ghost_reflecting_pool, nrook_mini_backslash,
          gauntlet_entry_generic, grunt_ministairs_6
Temple:   kb_temple_of_zot
Lair:1:   layout_long_grid, uniq_fannar, uniq_nergalle
Lair:2:   layout_loops_ring, hellmonk_spider_entry_not_the_bees,
          nicolae_lair_lil_pond, minivault_23, grunt_megastairs_5
Lair:3:   layout_regular_city, mainiacjoe_swamp_entry_lozenge_pond,
          portal_ice_cave_entry_pillars_1, serial_bayou_shore_a, uniq_josephine,
          uniq_nessos
Lair:4:   layout_misc_corridors, uniq_sonja
Lair:5:   cheibrodos_lair_end_hotspot, layout_regular_city, slime_entry_2
Swamp:1:  layout_falls_marsh, serial_swamp_ruin, evilmike_swamp_ruin_house_2,
          evilmike_swamp_ruin_rubble_1, swamp_pool_1_2,
          cheibrodos_swamp_pet_leeches, nicolae_swamp_decorative_isthmus
Swamp:2:  layout_basic_swamp, nicolae_swamp_well_well_well, swamp_pool_4,
          infiniplex_staircase_pool
Swamp:3:  layout_falls_marsh, evilmike_swamp_ruin_house_4, swamp_pool_5
Swamp:4:  swamp_pestilence, layout_basic_swamp
Spider:1: layout_spider_delve, ebering_ghost_reflecting_pool
Spider:2: layout_spider_delve, nicolae_spider_circle_web
Spider:3: layout_spider_delve, drop_trap, nicolae_spider_checkerboard,
          uniq_arachne
Spider:4: hellmonk_spider_rune_endless_swarm, hellmonk_narrow_tunnel
Slime:1:  nicolae_slime_jelly_donut, layout_caves, nicolae_slime_barrier
Orc:1:    layout_diamond_mine, serial_shops, shop, nicolae_shop_self_help
Orc:2:    st_orc_ogre_mass, layout_caves, serial_shops, nicolae_shop_crystal
Elf:1:    layout_gridlike, serial_shops, nicolae_shop_waterfront,
          mu_enter_wizlab_6, regret_index_elf_centigrade, uniq_asterion
Elf:2:    elven_hall_of_blades_hangedman_alternative
          [nicolae_blade_entry_pointy_end], layout_rooms, serial_shops, shop,
          minmay_shop_grid_forest, corexii_hall_statues_l, solitary_fountain,
          lemuel_upstairs_altar
Elf:3:    elf_hall, layout_gridlike, uniq_nikola
Vaults:1: v_misc_3, v_alt_pattern_5, v_misc_9, vaults_dpeg_emergency_exit,
          nicolae_vaults_tetromino_Z_1, v_misc_11,
          nicolae_vaults_diagonal_hallway_8, nicolae_vaults_hexular_roomagon,
          nicolae_vaults_two_Ls, nicolae_vaults_layer_cake_slice, v_misc_18,
          nicolae_vaults_tetromino_Z_2, layout_vaults_omnibox
Vaults:2: portal_desolation_entry_salt, st_eye, nicolae_vaults_hexular_roomagon,
          nicolae_vaults_wine_cellar, v_alt_pattern_4,
          nicolae_vaults_trapezoid_3, nicolae_vaults_yaktaur_gun_rack,
          nicolae_vaults_surprise_closet, v_misc_9, vaults_dpeg_ring,
          layout_vaults_omnigrid, minmay_crypt_entry_skeletal_spiral
Vaults:3: v_misc_32, v_rooms_5, nicolae_vaults_big_angled_halls, v_misc_24,
          v_misc_12, nicolae_vaults_corridor_and_loot_room, grunt_vaults_swirl,
          dpeg_vaults_monster_row, nicolae_vaults_closet_pinwheel_6,
          serial_ice_b, vaults_dpeg_diagonal, ontoclasm_vaults_decontamination,
          layout_vaults_ring, serial_shops
Vaults:4: gammafunk_ghost_smash, nicolae_vaults_tetromino_T_2,
          nicolae_vaults_more_shelving_1, nicolae_vaults_what_the_h,
          ontoclasm_vaults_shout, v_misc_13, vaults_room_pool, v_misc_29,
          nicolae_vaults_apartment_1, grunt_vaults_twisty,
          layout_vaults_chaotic_city
Vaults:5
Depths:1: layout_roguey, hell_entry, minmay_misc_feat_pillars, serial_glass,
          glass_columns_a, glass_columns_a, unseen_surprise_small, pan_entry,
          abyss_entry, minivault_11, minmay_fractal_squares_diagonal_5,
          minmay_shop_star, grunt_megastairs_3
Depths:2: minmay_the_grid_triangle_9x9_rhombus_full
          [minmay_the_grid_triangle_9x9_thin_v,
          minmay_the_grid_triangle_9x9_cache,
          minmay_the_grid_triangle_9x9_empty,
          minmay_the_grid_triangle_9x9_windchime,
          minmay_the_grid_triangle_9x9_minimal,
          minmay_the_grid_triangle_9x9_tough_junction,
          minmay_the_grid_triangle_9x9_zippers_horizontal,
          minmay_the_grid_triangle_9x9_prize_top_heavy], layout_gridlike,
          hell_entry, nicolae_gozag_conspicuous_consumption, pan_entry,
          abyss_entry_crystal, serial_shops, nicolae_shop_trees
Depths:3: grunt_bruiser_brothers, layout_cave_pools, enter_ziggurat_c,
          abyss_entry, pf_vacation_house_of_asmodeus, tso_metal_star,
          grunt_pan_entry_spiral, onia_ninara_dug_in_and_dangerous,
          infiniplex_staircase_door_maze
Depths:4: grunt_x_marks_the_spot, layout_basic, hell_entry, solitary_fountain,
          nicolae_tricolors, uniq_margery
Zot:1:    layout_misc_corridors, regret_index_zotdec_tunneler,
          grunt_ministairs_15
Zot:2:    layout_gridlike, hangedman_zot_decor_unnerving_road,
          bh_zot_ikea_curve, hangedman_xom_zot_hilarity
Zot:3:    layout_cathedral_of_symmetry, gammafunk_ghost_abyssal_escape,
          st_stairs_12
Zot:4:    layout_gridlike
Zot:5:    layout_basic

Skill      XL: |  1  2  3  4  5  6  7  8  9 10 11 12 13 14 15 16 17 18 19 20 21 22 23 24 |
---------------+-------------------------------------------------------------------------+-----
Axes           | 3 4 5 6 7 9 10 12 14 15 17 18 19 20 22 23 24 | 24.0
Fighting       | 4 5 6 7 8 9 10 11 12 14 15 16 18 19 20 21 22 23 24 | 24.7
Shields        | 4 5 6 7 8 9 10 11 12 13 15 16 17 19 20 21 22 23 24 | 24.4
Armour         | 4 5 6 7 8 9 10 11 12 13 15 16 17 19 20 21 22 23 24 | 24.5
Invocations    | 1 3 4 5 6 7 8 10 11 13 | 13.0
Throwing       | 2 4 5 7 8 10 11 14 16 | 16.5
Dodging        | 8 10 | 10.2

Action                     |  1- 3 |  4- 6 |  7- 9 | 10-12 | 13-15 | 16-18 | 19-21 | 22-24 || total
---------------------------+-------+-------+-------+-------+-------+-------+-------+-------++-------
  Melee: War axe           |    83 |   138 |   251 |   468 |   739 |       |       |       ||  1679
         Headbutt          |    11 |    20 |    44 |    89 |   270 |   380 |   409 |   448 ||  1671
         Broad axe         |       |       |       |       |   375 |  1472 |  1393 |   386 ||  3626
         Labrys            |       |       |       |       |       |       |       |   884 ||   884
  Throw: Javelin           |       |     2 |     1 |    24 |    18 |    63 |    56 |    25 ||   189
         Throwing net      |       |       |       |     2 |       |       |       |       ||     2
         Boomerang         |       |       |       |       |    25 |     9 |     4 |       ||    38
         Dart              |       |       |       |       |     4 |     9 |     9 |    13 ||    35
 Invoke: Heroism           |       |       |     2 |    12 |    27 |    26 |    25 |    18 ||   110
         Finesse           |       |       |       |     5 |     6 |     3 |     7 |     9 ||    30
         Duel              |       |       |       |       |       |     2 |     3 |       ||     5
  Evoke: Wand              |       |       |       |     2 |       |     6 |     2 |     2 ||    12
         Condenser vane    |       |       |       |       |     1 |       |       |     2 ||     3
         Gell's gravitambo |       |       |       |       |       |       |       |     2 ||     2
         Lightning rod     |       |       |       |       |       |       |       |     1 ||     1
    Use: Scroll            |       |     7 |    15 |     7 |     9 |    12 |    19 |    27 ||    96
         Potion            |       |       |     1 |     4 |     4 |    11 |    29 |    14 ||    63
   Stab: Confused          |       |       |       |       |     1 |       |       |       ||     1
         Invisible         |       |       |       |       |       |       |     4 |       ||     4
         Distracted        |       |       |       |       |       |       |     1 |       ||     1
 Armour: Scale mail        |    21 |       |       |       |       |       |       |       ||    21
         Chain mail        |    83 |   125 |   125 |       |       |       |       |       ||   333
         Plate armour      |       |       |    42 |   413 |    72 |       |       |       ||   527
         Skin              |       |       |       |    63 |       |    81 |       |    15 ||   159
         Crystal plate arm |       |       |       |       |   837 |  1203 |   781 |   508 ||  3329
  Dodge: Dodged            |    44 |    52 |    76 |   115 |   166 |   205 |   155 |   113 ||   926
         Repelled          |       |     2 |     7 |    35 |    22 |     5 |       |       ||    71
  Block: Buckler           |    20 |    40 |    69 |   150 |   425 |       |       |       ||   704
         Reflection        |       |       |       |       |    16 |    91 |    91 |    50 ||   248
         Tower shield      |       |       |       |       |   579 |  1991 |  1651 |  1481 ||  5702

Table legend: (Time is in decaauts)
 A = Elapsed time spent in this place.
 B = Non-inter-level travel time spent in this place.
 C = Inter-level travel time spent in this place.
 D = Time resting spent in this place.
 E = Time spent auto-exploring this place.
 F = Levels seen in this place.
 G = Mean time per level.
                   A        B        C        D        E       F      G
               +--------+--------+--------+--------+--------+-----+--------+
         Total |  72556 |  67846 |   4710 |  26534 |  14843 |  56 | 1295.6 |
       Dungeon |  20398 |  17949 |   2449 |   5570 |   4828 |  15 | 1359.9 |
        Temple |     65 |     16 |     49 |      0 |      0 |   1 |   65.0 |
          Lair |   7522 |   6583 |    939 |   1792 |   1640 |   5 | 1504.4 |
         Swamp |   5364 |   5125 |    239 |   2070 |   1369 |   4 | 1341.0 |
   Spider Nest |   8101 |   7995 |    106 |   4890 |    814 |   4 | 2025.2 |
    Slime Pits |     11 |      7 |      4 |      0 |      0 |   1 |   11.0 |
  Orcish Mines |   2949 |   2788 |    161 |   1221 |    467 |   2 | 1474.5 |
   Elven Halls |   4578 |   4467 |    111 |   1558 |    958 |   3 | 1526.0 |
        Vaults |  12739 |  12193 |    546 |   4137 |   2954 |   5 | 2547.8 |
        Depths |   6541 |   6440 |    101 |   3128 |   1354 |   4 | 1635.2 |
           Zot |   2832 |   2832 |      0 |   1856 |    103 |   5 |  566.4 |
       Ossuary |    411 |    411 |      0 |    100 |      6 |   1 |  411.0 |
      Ice Cave |    919 |    919 |      0 |    211 |    347 |   1 |  919.0 |
         Arena |    120 |    120 |      0 |      0 |      0 |   5 |   24.0 |
               +--------+--------+--------+--------+--------+-----+--------+

Top non-repeatable levels by time:
Vaults:2: 3200 daAuts
Spider:2: 2875 daAuts
     D:8: 2804 daAuts
   Elf:3: 2669 daAuts
Vaults:5: 2655 daAuts
 Swamp:4: 2594 daAuts
Vaults:4: 2372 daAuts
Vaults:3: 2292 daAuts
Depths:1: 2289 daAuts
  Lair:5: 2231 daAuts
Vaults:1: 2219 daAuts
Depths:2: 2012 daAuts
Spider:1: 1947 daAuts
   Zot:2: 1874 daAuts
  Lair:2: 1750 daAuts
